 Dungeon Crawl Stone Soup version 0.25.0-1-g7eea58d (webtiles) character file.

Game seed: 13463648427939475440

62883 Illumine the Cleaver (level 14, -2/129 HPs)
             Began as a Minotaur Fighter on June 19, 2020.
             Was an Initiate of Gozag.
             Slain by a soul eater (14 damage)
             ... summoned by an orc sorcerer
             ... led by an orc warlord
             ... on level 1 of the Orcish Mines.
             The game lasted 00:36:21 (15324 turns).

Illumine the Cleaver (Minotaur Fighter)            Turns: 15324, Time: 00:36:21

Health: -2/129     AC: 21    Str: 34    XL:     14   Next: 66%
Magic:  17/17      EV: 16    Int:  5    God:    Gozag
Gold:   3911       SH: 20    Dex: 13    Spells: 13/13 levels left

rFire    . . .     SeeInvis +   a - +2 broad axe
rCold    . . .     Gourm    .   G - +0 tower shield
rNeg     . . .     Faith    .   N - +4 chain mail of Pandemonium {+Blink rPois Str+7 Stlth-}
rPois    +         Spirit   .   K - +0 hat
rElec    .         Reflect  .   c - +2 cloak {Stlth+}
rCorr    .         Harm     .   s - +0 pair of gloves
MR       +++..                  (no boots)
Stlth    ..........             i - amulet of regeneration
HPRegen  0.71/turn              t - ring of see invisible
MPRegen  0.15/turn              A - ring of the Ancient Ultimatums {rPois MR++ EV+4 Str+4}

@: lethally poisoned (-2 -> -2), gold aura, heavily drained
A: retaliatory headbutt, horns 2
a: Potion Petition, Call Merchant, Bribe Branch, Renounce Religion, Evoke Blink


You were on level 1 of the Orcish Mines.
You worshipped Gozag.
Gozag was most pleased with you.
You were not hungry.

You visited 4 branches of the dungeon, and saw 20 of its levels.
You also visited: Volcano.

You collected 5177 gold pieces.
You spent 758 gold pieces at shops.
You paid 508 gold pieces to Gozag.

Inventory:

Hand Weapons
 a - a +2 broad axe (weapon)
 v - a +1 demon whip of flaming
Missiles
 u - 7 javelins (quivered)
Armour
 c - a +2 cloak of stealth (worn)
 s - a +0 pair of gloves (worn)
 G - a +0 tower shield (worn)
 J - a +1 cloak of poison resistance
 K - a +0 hat (worn)
 N - the +4 chain mail of Pandemonium (worn) {+Blink rPois Str+7 Stlth-}
   (You bought it in a shop on level 9 of the Dungeon)

   It affects your strength (+7).
   It protects you from poison.
   It lets you blink.
   It makes you less stealthy.
 T - +0 fire dragon scales
Jewellery
 e - an uncursed ring of resist corrosion
 i - an amulet of regeneration (around neck)
 k - an uncursed ring of protection from cold
 t - a ring of see invisible (left hand)
 A - the ring of the Ancient Ultimatums (right hand) {rPois MR++ EV+4 Str+4}
   (You found it on level 4 of the Dungeon)

   [ring of evasion]

   It affects your evasion (+4).
   It affects your strength (+4).
   It protects you from poison.
   It affects your resistance to hostile enchantments.
 C - an uncursed ring of stealth {unknown}
 S - an uncursed ring of fire
Wands
 n - a wand of clouds (3)
 D - a wand of enslavement (9)
 I - a wand of random effects (71)
 O - a wand of disintegration (19)
 Y - a wand of paralysis (6)
Scrolls
 g - a scroll of fog {unknown}
 h - 3 scrolls of enchant armour {unknown}
 j - a scroll of noise {unknown}
 m - 4 scrolls of magic mapping
 o - 8 scrolls of remove curse
 p - 4 scrolls of amnesia {unknown}
 x - 4 scrolls of immolation
 y - 8 scrolls of teleportation
 z - 2 scrolls of blinking
 E - a scroll of torment {unknown}
 M - 2 scrolls of enchant weapon
 P - a scroll of brand weapon {unknown}
 Q - a scroll of summoning {unknown}
 U - 4 scrolls of holy word {unknown}
 W - 2 scrolls of identify
 Z - a scroll of random uselessness {unknown}
Potions
 b - 3 potions of lignification
 d - 4 potions of might
 l - 4 potions of curing
 q - a potion of resistance
 r - 2 potions of mutation
 w - a potion of ambrosia
 B - 4 potions of stabbing
 F - a potion of magic
 H - 7 potions of heal wounds
 L - a potion of invisibility
 R - 3 potions of berserk rage
 V - 2 potions of cancellation
 X - 2 potions of flight
Comestibles
 f - 12 rations


   Skills:
 + Level 13.3(11.0) Fighting
 + Level 14.5(12.1) Axes
 + Level 3.0(1.3) Throwing
 + Level 13.6(11.2) Armour
 + Level 11.5(9.3) Dodging
 - Level 0.5(0.0) Stealth
 + Level 13.6(11.3) Shields
 + Level 5.4(3.5) Evocations


You had 13 spell levels left.
You didn't know any spells.
Your spell library contained the following spells:

 Spells                   Type           Power        Failure   Level  Hunger
 Sandblast                Erth           #.....       100%        1    ##.....
 Passwall                 Tmut/Erth      #.......     100%        2    ###....
 Sublimation of Blood     Necr           #.........   100%        2    ###....
 Ignite Poison            Fire/Tmut/Pois #.......     100%        3    ####...
 Stone Arrow              Conj/Erth      #.....       100%        3    ####...
 Petrify                  Tmut/Erth      #.......     100%        4    #####..
 Alistair's Intoxication  Tmut/Pois      #.......     100%        5    ######.
 Irradiate                Conj/Tmut      #.........   100%        5    ######.
 Lee's Rapid Deconstruct  Erth           #.........   100%        5    ######.
 Eringya's Noxious Bog    Tmut/Pois      #.........   100%        6    #######


Dungeon Overview and Level Annotations

Branches:
Dungeon (12/15)            Temple (1/1) D:5            Lair (6/6) D:10
 Shoals (0/4) Lair:3       Spider (0/4) Lair:4        Slime (0/5) Lair:6
    Orc (1/2) D:12        Volcano (visited)

Altars:
Cheibriados
Dithmenos
Fedhas
Gozag
Hepliaklqana
Kikubaaqudgha
Okawaru
Qazlal
Trog
Xom
Yredelemnul
Zin
The Shining One

Shops:
D:9 [   Orc:1 (

Annotations:
D:7 3 runed translucent doors, brinewave's ghost, novice MiMo
Lair:3 exclusion: 4 oklob plants


Innate Abilities, Weirdness & Mutations

You reflexively headbutt those who attack you in melee.
You have a pair of horns on your head.


Message History

* * * LOW HITPOINT WARNING * * *
The orc sorcerer hits you with a +0 dagger.
* * * LOW HITPOINT WARNING * * *
You block the orc warrior's attack.
The soul eater draws from the surrounding life force!
* * * LOW HITPOINT WARNING * * *
The soul eater is healed.
You block the soul eater's attack. The orc wizard misses you.
You furiously retaliate!
You headbutt the orc wizard. You closely miss the orc sorcerer.
The orc sorcerer is almost dead.
You slash the soul eater! You miss the orc wizard. You slice the red devil!!
You kill the red devil!
You slash the soul eater! You block the orc sorcerer's attack.
The soul eater draws from the surrounding life force!
* * * LOW HITPOINT WARNING * * *
The soul eater is healed.
You block the orc warrior's attack. The soul eater hits you!
You die...
Your body crumbles into a pile of gold.

### .#...# ###.####
##.....# ####....#.##
##.....# #
##.#....#...###...#.##.#
#...#.......##..........
##..........#...........
##..........#$$.$.....#
##...........$.@3...#
##..∩.........$o3o....$.$
#...#........>.o........
#.......................
.#..))<.................
....).......$......$..#.
.#...).............#.#..
#.....................#.
##.................$


You could see 2 soul eaters, an orc sorcerer (strong), an orc warrior and an orc
wizard.

Vanquished Creatures
  Kirke (D:12)
  An orc warlord (Orc:1)
  Josephine (D:10)
  Snorg (Lair:3)
  Harold (D:10)
  9 hydras
  A catoblepas (Lair:3)
  3 two-headed ogres
  A hell hog (Volcano)
  Urug (Lair:6)
  A fire crab (Volcano)
  Pikel (D:3)
  3 ugly things
  2 cyclopes
  2 manticores
  5 elephants (Lair:6)
  Maurice (D:10)
  A merfolk siren (Lair:3)
  2 black mambas
  2 molten gargoyles (Volcano)
  A torpor snail (Lair:3)
  22 spiny frogs
  A kobold demonologist (D:12)
  3 komodo dragons
  A merfolk (Lair:3)
  A troll (D:9)
  A polar bear (Lair:6)
  3 hornets
  Grinder (D:4)
  5 tyrant leeches (Lair:6)
  26 blink frogs
  9 dream sheep
  12 hippogriffs
  A shadow (D:11)
  A wyvern (D:7)
  2 redbacks (Lair:4)
  3 hogs (D:12)
  5 wraiths
  Grum (D:9)
  A basilisk (Lair:3)
  26 yaks
  7 fire bats (Volcano)
  A steam dragon (Volcano)
  6 vampire mosquitoes (Lair:6)
  Edmund (D:5)
  3 wargs
  A soldier ant (D:10)
  14 water moccasins
  A hell hound (Volcano)
  11 orc warriors
  2 black bears
  2 ice beasts (D:7)
  7 porcupines
  A sky beast (D:7)
  2 necrophages
  4 ogres
  18 wolves
  4 centaurs
  The ghost of BakedSpriggan the Skirmisher, an amateur KoAK of Lugonu (D:3)
  11 crocodiles
  2 big kobolds
  31 bullfrogs
  A wyvern zombie (D:11)
  3 scorpions
  10 killer bees
  8 wights
  2 electric eels (Lair:3)
  3 howler monkeys (D:10)
  6 lava snakes (Volcano)
  5 centaur zombies
  7 crimson imps
  2 human zombies (D:2)
  2 bullfrog skeletons
  8 hounds
  14 jellies
  15 orc priests
  10 orc wizards
  2 iguanas
  11 worker ants
  4 hell rats
  10 gnolls
  15 adders
  3 shadow imps
  3 oozes
  2 adder zombies
  4 worms
  3 dart slugs (D:1)
  5 leopard geckos
  58 orcs
  8 bats
  2 giant cockroaches
  7 goblins
  11 hobgoblins
  14 jackals
  23 kobolds
  6 quokkas
  3 ball pythons
  3 frilled lizards
  A kobold zombie (D:2)
  A quokka skeleton (D:6)
  12 rats
  3 fungi
  11 plants
617 creatures vanquished.

Vanquished Creatures (others)
  3 humans (D:12)
  A hound (D:4)
  An orc (D:4)
  2 giant cockroaches
  A frilled lizard (D:4)
  14 fungi
  31 plants
53 creatures vanquished.

Grand Total: 670 creatures vanquished

Notes
Turn   | Place    | Note
-------+----------+-------------------------------------------
     0 | D:1      | Illumine the Minotaur Fighter began the quest for the Orb.
     0 | D:1      | Reached XP level 1. HP: 19/19 MP: 0/0
    92 | D:1      | Reached XP level 2. HP: 20/27 MP: 1/1
   627 | D:2      | Reached XP level 3. HP: 33/33 MP: 2/2
   637 | D:2      | Found a runed translucent door.
   637 | D:2      | Noticed a human
   650 | D:2      | Reached skill level 3 in Axes
   652 | D:2      | Found a basalt altar of Yredelemnul.
   661 | D:2      | Reached XP level 4. HP: 31/40 MP: 3/3
  1436 | D:2      | Reached skill level 4 in Axes
  1436 | D:2      | Reached XP level 5. HP: 40/46 MP: 4/4
  2136 | D:3      | Reached skill level 5 in Axes
  2181 | D:3      | Found a runed translucent door.
  2198 | D:3      | Noticed BakedSpriggan's ghost (amateur KoAK)
  2212 | D:3      | Killed BakedSpriggan's ghost
  2212 | D:3      | Reached skill level 1 in Dodging
  2212 | D:3      | Reached skill level 5 in Shields
  2212 | D:3      | Reached XP level 6. HP: 49/53 MP: 5/5
  2261 | D:4      | Noticed Pikel
  2261 | D:4      | Noticed a slave
  2261 | D:4      | Noticed a slave
  2261 | D:4      | Noticed a slave
  2262 | D:4      | Noticed a slave
  2281 | D:3      | Killed Pikel
  2281 | D:3      | Reached skill level 7 in Axes
  2281 | D:3      | Reached skill level 5 in Armour
  2281 | D:3      | Reached XP level 7. HP: 47/60 MP: 6/6
  2453 | D:4      | Noticed Grinder
  2458 | D:4      | Paralysed by Grinder for 4 turns
  2470 | D:4      | Killed Grinder
  2470 | D:4      | Reached skill level 5 in Fighting
  2470 | D:4      | Reached XP level 8. HP: 68/68 MP: 7/7
  2570 | D:4      | Got a scorched glass ring
  2574 | D:4      | Identified the ring of the Ancient Ultimatums {rPois MR++
                  | EV+4 Str+4} (You found it on level 4 of the Dungeon)
  2624 | D:4      | Found a bloodstained altar of Trog.
  2877 | D:5      | Entered Level 5 of the Dungeon
  2961 | D:5      | Reached skill level 8 in Axes
  3216 | D:5      | Noticed Edmund
  3236 | D:5      | Killed Edmund
  3315 | D:5      | Found a staircase to the Ecumenical Temple.
  3325 | Temple   | Entered the Ecumenical Temple
  3334 | Temple   | Became a worshipper of Gozag Ym Sagoz the Greedy
  3893 | D:6      | Found a shadowy altar of Dithmenos.
  3939 | D:6      | Reached skill level 9 in Axes
  4028 | D:6      | Reached XP level 9. HP: 70/78 MP: 8/8
  4885 | D:7      | Found a runed translucent gate.
  4887 | D:7      | Found a runed translucent gate.
  4887 | D:7      | Found a runed translucent gate.
  4888 | D:7      | Identified the +1 short sword "Muinacw" {elec, MR+ Str+4}
  4891 | D:7      | Noticed brinewave's ghost (novice MiMo)
  4891 | D:7      | Noticed a kobold demonologist
  4974 | D:7      | Noticed a white ugly thing
  4983 | D:7      | Killed a white ugly thing
  5079 | D:7      | Reached skill level 5 in Dodging
  5190 | D:7      | Noticed a five-headed hydra
  5203 | D:7      | Killed a five-headed hydra
  5203 | D:7      | Reached skill level 10 in Axes
  5203 | D:7      | Reached XP level 10. HP: 17/88 MP: 9/9
  6405 | D:8      | Found a glowing golden altar of the Shining One.
  6490 | D:9      | Noticed Grum
  6491 | D:9      | Noticed a cyclops
  6504 | D:9      | Killed Grum
  6519 | D:9      | Killed a cyclops
  6520 | D:9      | Found a shimmering altar of Xom.
  6710 | D:9      | Found a hazy altar of Hepliaklqana.
  6710 | D:9      | Noticed a manticore
  6719 | D:9      | Killed a manticore
  6995 | D:9      | Noticed a two-headed ogre
  6999 | D:9      | Killed a two-headed ogre
  6999 | D:9      | Reached skill level 11 in Axes
  6999 | D:9      | Reached XP level 11. HP: 91/97 MP: 10/10
  7115 | D:10     | Entered Level 10 of the Dungeon
  7115 | D:10     | Noticed Josephine
  7217 | D:10     | Reached skill level 10 in Shields
  7280 | D:10     | Noticed Harold
  7297 | D:10     | Killed Harold
  7297 | D:10     | Reached skill level 10 in Armour
  7372 | D:10     | HP: 4/99 [Josephine/vampiric draining (25)]
  7508 | D:9      | Bought a twisted chain mail for 294 gold pieces
  7508 | D:9      | Identified the +4 chain mail of Pandemonium {+Blink rPois
                  | Str+7 Stlth-} (You bought it in a shop on level 9 of the
                  | Dungeon)
  7521 | D:9      | Bought a glowing cloak for 232 gold pieces
  7521 | D:9      | Bought a glowing cloak for 232 gold pieces
  7571 | D:10     | Reached skill level 10 in Fighting
  7699 | D:10     | Noticed Maurice
  7717 | D:10     | Killed Maurice
  7859 | D:10     | Found a staircase to the Lair.
  7980 | D:10     | Killed Josephine
  8301 | Lair:1   | Entered Level 1 of the Lair of Beasts
  8390 | Lair:1   | Noticed an eight-headed hydra
  8403 | Lair:1   | Killed an eight-headed hydra
  8403 | Lair:1   | Reached skill level 12 in Axes
  9038 | Lair:2   | Noticed a five-headed hydra
  9048 | Lair:2   | Killed a five-headed hydra
  9048 | Lair:2   | Reached XP level 12. HP: 77/108 MP: 11/11
  9760 | Lair:3   | Noticed a catoblepas
  9768 | Lair:3   | Killed a catoblepas
  9817 | Lair:3   | Noticed an eight-headed hydra
  9938 | Lair:3   | Found a dark tunnel.
  9947 | Volcano  | Entered a volcano
 10228 | Volcano  | Found a radiant altar of Vehumet.
 10228 | Volcano  | Noticed a hell hog
 10239 | Volcano  | Killed a hell hog
 10622 | Lair:3   | Noticed Snorg
 10631 | Lair:3   | Killed Snorg
 10640 | Lair:3   | Noticed a six-headed hydra
 10647 | Lair:3   | Killed a six-headed hydra
 10647 | Lair:3   | Reached skill level 1 in Evocations
 10728 | Lair:3   | Reached skill level 13 in Axes
 10907 | Lair:3   | Found a staircase to the Shoals.
 11100 | Lair:4   | Reached XP level 13. HP: 108/117 MP: 13/13
 11238 | Lair:4   | Found a hole to the Spider Nest.
 11298 | Lair:4   | Reached skill level 10 in Dodging
 12637 | Lair:6   | Entered Level 6 of the Lair of Beasts
 12922 | Lair:6   | Reached skill level 14 in Axes
 13047 | Lair:6   | Reached XP level 14. HP: 127/127 MP: 16/16
 13092 | Lair:6   | Noticed Urug
 13106 | Lair:6   | Killed Urug
 13373 | Lair:6   | Reached skill level 1 in Throwing
 13422 | Lair:6   | Found a staircase to the Slime Pits.
 14105 | D:11     | Reached skill level 5 in Evocations
 14412 | D:11     | Found a basalt altar of Yredelemnul.
 14913 | D:12     | Noticed Kirke
 14922 | D:12     | Killed Kirke
 15088 | D:12     | Found a staircase to the Orcish Mines.
 15263 | Orc:1    | Entered Level 1 of the Orcish Mines
 15263 | Orc:1    | Found Sayzxozugh's Antique Weapon Boutique.
 15303 | Orc:1    | Noticed an orc warlord
 15318 | Orc:1    | Killed an orc warlord
 15324 | Orc:1    | Slain by a soul eater

Illustrated notes

Levels and vault maps discovered:
D:1:      nicolae_arrival_memento_mori, layout_rooms
D:2:      minmay_razor_zed, layout_loops_corners, dk_yredelemnul_ordeal
D:3:      layout_rooms, ebering_ghost_reflecting_pool
D:4:      layout_rooms, first_ration, trog_butcher_becter, uniq_grinder,
          uniq_pikel
D:5:      layout_basic, minmay_temple_entry_proselytizer, uniq_edmund
D:6:      layout_loops_ring, nicolae_dithmenos_shadow_blocks
D:7:      minmay_thinvault, layout_basic, serial_corexii_hall,
          chequers_hall_statues_corner_a, chequers_hall_statues_wall_a,
          gammafunk_ghost_nasty_kobolds
D:8:      layout_basic, kennysheep_mini_moat
D:9:      layout_roguey, hangedman_feature_mirror, uniq_grum
D:10:     layout_basic, erik_lair_orcish_takeover, hangedman_pestilent_swarm,
          uniq_maurice, uniq_josephine, uniq_harold
D:11:     layout_stronghold, basic_altar
D:12:     layout_roguey, orc_0_dummy, enter_trove_5,
          chequers_serial_rivers_micro_c, uniq_kirke
Temple:   grunt_wide_crystal_templ
Lair:1:   layout_gridlike
Lair:2:   layout_cave_shapes, serial_bayou_lagoon_a, beast_lair_carwin_8
Lair:3:   dpeg_oklob_gauntlet, layout_cave_pods, elwin_shoals_entry_rooms,
          enter_volcano_2, chequers_serial_rivers_room_a, serial_bayou_shore_a,
          uniq_snorg
Lair:4:   layout_misc_corridors, spider_nest_entry_webs
Lair:5:   layout_gridlike
Lair:6:   minmay_lair_end_frog_pond, layout_loops_ring,
          minmay_slime_entry_jelly_boxes, grunt_megastairs_4, uniq_urug
Orc:1:    layout_caves, serial_shops, shop,
          nicolae_shop_temple_entry_statues_fountains, shop, mines4_lemuel

Skill      XL: |  1  2  3  4  5  6  7  8  9 10 11 12 13 14 |
---------------+-------------------------------------------+-----
Shields        | 4 5 6 7 8 9 11 12 13 | 13.6
Fighting       | 4 5 6 8 9 10 11 12 13 | 13.3
Armour         | 4 5 6 7 8 9 11 12 13 | 13.6
Axes           | 3 4 5 7 9 10 11 12 13 14 | 14.5
Dodging        | 1 2 3 5 7 8 9 11 | 11.5
Evocations     | 1 4 5 |  5.4
Throwing       | 3 |  3.0
Stealth        | |  0.5

Action                   |  1- 3 |  4- 6 |  7- 9 | 10-12 | 13-15 || total
-------------------------+-------+-------+-------+-------+-------++-------
Melee: War axe           |    67 |   162 |   256 |    40 |       ||   525
       Headbutt          |    12 |    28 |    60 |   142 |   166 ||   408
       Morningstar       |       |       |    10 |    11 |       ||    21
       Broad axe         |       |       |       |   521 |   557 ||  1078
       Demon whip        |       |       |       |     2 |    18 ||    20
Invok: Potion Petition   |       |       |     1 |       |       ||     1
       Call Merchant     |       |       |       |     1 |       ||     1
Evoke: Wand              |       |       |     1 |       |       ||     1
  Use: Scroll            |       |       |     6 |    17 |     4 ||    27
       Potion            |       |       |       |     1 |       ||     1
 Stab: Distracted        |       |       |     2 |     2 |     4 ||     8
       Sleeping          |       |       |     1 |       |       ||     1
  Eat: Chunk             |       |     5 |     4 |       |       ||     9
       Ration            |       |       |     2 |     6 |     4 ||    12
Armor: Scale mail        |    30 |    71 |    29 |       |       ||   130
       Skin              |       |       |     6 |       |       ||     6
       Chain mail        |       |       |    22 |   143 |   133 ||   298
       Fire dragon scale |       |       |       |     1 |       ||     1
Dodge: Dodged            |    20 |    50 |   113 |   200 |   231 ||   614
Block: Kite shield       |    35 |    92 |    48 |       |       ||   175
       Tower shield      |       |       |   163 |   617 |   680 ||  1460
